 Dungeon Crawl Stone Soup version 0.29-a0-483-g69413ace17 (webtiles) character file.

Game seed: 10226709237035299473

32 zeratav the Stinger (level 3, 0/21 HPs)
             Began as an Octopode Venom Mage on May 25, 2022.
             Slain by a hobgoblin (4 damage)
             ... on level 1 of the Dungeon.
             The game lasted 00:01:35 (1215 turns).

zeratav the Stinger (Octopode Venom Mage)           Turns: 1215, Time: 00:01:35

Health: 0/21       AC:  1    Str:  7    XL:     3   Next: 27%
Magic:  5/6        EV: 13    Int: 19    God:
Gold:   105        SH:  0    Dex: 12    Spells: 4/7 levels left

rFire   . . .      SeeInvis .   h - +0 dagger {short}
rCold   . . .      Faith    .   (no shield)
rNeg    . . .      Spirit   .   (helmet restricted)
rPois   .          Reflect  .   (no amulet)
rElec   .          Harm     .   (no ring)
rCorr   .          Rampage  .   (no ring)
Will    .....                   (no ring)
Stlth   +++.......              (no ring)
HPRegen 0.07/turn               (no ring)
MPRegen 0.10/turn               (no ring)
                                (no ring)
                                (no ring)

@: no status effects
A: almost no armour, amphibious, 8 rings, camouflage 1, gelatinous body 1,
(nimble swimmer 1), tentacles
a: no special abilities


You were on level 1 of the Dungeon.
You visited 1 branch of the dungeon, and saw 1 of its levels.

You collected 105 gold pieces.


Innate Abilities, Weirdness & Mutations

You cannot wear most types of armour.
You are amphibious.
You can wear up to eight rings at the same time.
Your skin changes colour to match your surroundings (Stealth+).
Your rubbery body absorbs attacks. (AC +1, EV +1)
((You are camouflaged when in or above water. (Stealth+)))
You have tentacles for arms and can constrict up to eight enemies at once.


   Skills:
 - Level 2.0 Dodging
 - Level 2.6 Stealth
 + Level 2.5 Spellcasting
 - Level 1.0 Transmutations
 * Level 4.7 Poison Magic


You had 4 spell levels left.
You knew the following spells:

 Your Spells              Type           Power      Damage    Failure   Level
a - Sting                 Tmut/Pois      52%        1d5       4%          1
b - Poisonous Vapours     Pois/Air       22%        N/A       9%          2

Your spell library contained the following spells:

 Spells                   Type           Power      Damage    Failure   Level
 Olgreb's Toxic Radiance  Pois           20%        N/A       22%         4
 Mephitic Cloud           Conj/Pois/Air  8%         N/A       26%         3

Inventory:

Hand Weapons
 h - a +0 dagger (weapon) {short}
   (You took it off a goblin on level 1 of the Dungeon)
 j - a +0 hunting sling of flaming {sling}
   (You found it on level 1 of the Dungeon)
Scrolls
 b - 4 scrolls of identify {unknown}
 c - a scroll of immolation {unknown}
 d - a scroll of fear {unknown}
 i - a scroll of silence {unknown}
 k - 2 scrolls of torment {unknown}
Potions
 a - a potion of magic
 e - 2 potions of resistance {unknown}
 f - a potion of flight {unknown}
 g - 2 potions of heal wounds {unknown}

Dungeon Overview and Level Annotations

Branches:
Dungeon (1/15)

Altars:

[.# ..# ..# ### ..#
#### ##.. ..# #..
..# ## ..#
#.#####.##.## # ###
###.##........#.###
#......##..g......#
#.#.#####.#@g.#.#
#.#.#####.......#
#.#.......#######
######.###########
#.......####.....#
#.#.#...†..#.....#
......#.##.......#
#.##..#.##.#.....#
#........#.#.....#


You could see 2 hobgoblins.


Message History

No target in view!
No target in view!
No target in view!
No target in view!
No target in view!
No target in view!
No target in view!
No target in view!
No target in view!
A bat comes into view.
Things that are here:
a +0 dagger {short}; a goblin corpse A bat is nearby!
The bat hits you.
HP[-1]
You take 1 damage, and now have 20/21 hp.
You closely miss the bat. Your grab misses the bat. You squeeze the bat.
You kill the bat!
No target in view!
No target in view!
No target in view!
No target in view!
No target in view!
No target in view!
No target in view!
No target in view!
No target in view!
No target in view!
No target in view!
Found a stone staircase leading down.
c - a scroll labelled VILIB ROHOERU HP[+1]
Your hp is fully restored (21).
i - a scroll labelled LITHRU EPNELENG
Things that are here:
a +0 dagger {short}; a goblin corpse
j - a +0 hunting sling of flaming {sling}
k - 2 scrolls labelled OCAEGY VOARI You see here a hobgoblin corpse.
You now have 105 gold pieces (gained 8).
A hobgoblin comes into view.
A hobgoblin is nearby!
A quokka comes into view.
The hobgoblin shouts!
A hobgoblin comes into view.
A hobgoblin comes into view.
The hobgoblin closely misses you.
The hobgoblin shouts!
You hit the hobgoblin. You grab the hobgoblin. You constrict the hobgoblin.
The hobgoblin hits you but does no damage.
You hit the hobgoblin. You squeeze the hobgoblin.
You kill the hobgoblin!
The quokka closely misses you.
You hit the quokka. You grab the quokka.
You constrict the quokka, but do no damage.
The quokka barely misses you. The hobgoblin closely misses you.
The hobgoblin barely misses you. The quokka bites you.
HP[-4]
You take 4 damage, and now have 17/21 hp.
You hit the quokka.
You squeeze the quokka, but do no damage.
You constrict the quokka. The hobgoblin misses you.
The hobgoblin closely misses you. The quokka bites you.
HP[-5]
You take 5 damage, and now have 12/21 hp.
MASSIVE DAMAGE!! (PAUSE)
You are too injured to fight recklessly!
You are too injured to fight recklessly!
You are too injured to fight recklessly!
You are too injured to fight recklessly!
You are too injured to fight recklessly!
You are too injured to fight recklessly!
You are too injured to fight recklessly!
You are too injured to fight recklessly!
You are too injured to fight recklessly!
You are too injured to fight recklessly!
You are too injured to fight recklessly!
You are too injured to fight recklessly!
You are too injured to fight recklessly!
You are too injured to fight recklessly!
You are too injured to fight recklessly!
You are too injured to fight recklessly!
You are too injured to fight recklessly!
You hit the quokka. You constrict the quokka.
You kill the quokka!
The hobgoblin hits you.
* * * LOW HITPOINT WARNING * * *
The hobgoblin barely misses you.
HP[-4]
You take 4 damage, and now have 8/21 hp.
Casting: Sting (safe; 4% risk of failure)
Confirm with . or Enter, or press ? or * to list all spells.
Aiming: Sting (safe; 4% risk of failure)
Press: ? - help, Shift-Dir - straight line, f - hobgoblin
Aim: a hobgoblin (71% to hit)
The sting hits the hobgoblin.
The hobgoblin is poisoned.
The hobgoblin hits you.
* * * LOW HITPOINT WARNING * * *
The hobgoblin hits you.
You die...

Skill      XL: |  1 |
---------------+----+-----
Poison Magic   | 4 |  4.7
Dodging        | |  2.0
Stealth        | |  2.6
Spellcasting   | |  2.5
Transmutations | |  1.0

Action                   || total
-------------------------++-------
Melee: Unarmed           ||     5
       Constrict         ||     7
       Tentacles         ||     7
       Mace              ||    12
       Dagger            ||    12
 Cast: Sting             ||    16
 Stab: Sleeping          ||     5
Armor: Skin              ||     3
Dodge: Dodged            ||    22

Levels and vault maps discovered:
D:1:      dpeg_arrival_ratfight, layout_loops_cross

Notes
Turn   | Place    | Note
-------+----------+-------------------------------------------
     0 | D:1      | zeratav the Octopode Venom Mage began the quest for the
                  | Orb.
     0 | D:1      | Reached XP level 1. HP: 11/11 MP: 3/3
     0 | D:1      | magus.rc [v1.9.6]
    55 | D:1      | Reached skill level 4 in Poison Magic
    57 | D:1      | Reached XP level 2. HP: 17/17 MP: 5/5
   876 | D:1      | Learned a level 2 spell: Poisonous Vapours
   931 | D:1      | Reached XP level 3. HP: 16/21 MP: 6/6
  1215 | D:1      | HP: 4/21 [hobgoblin (4)]
  1215 | D:1      | Slain by a hobgoblin

Vanquished Creatures
  3 dart slugs (D:1)
  3 endoplasms (D:1)
  2 giant cockroaches (D:1)
  3 hobgoblins (D:1)
  3 jackals (D:1)
  2 quokkas (D:1)
  2 ball pythons (D:1)
  A bat (D:1)
  2 frilled lizards (D:1)
  2 goblins (D:1)
  2 rats (D:1)
25 creatures vanquished.

Table legend:
 A = Non-vault XP
 B = Vault XP
 C = Vault XP percentage of total XP
 D = Non-vault monster count
 E = Vault monster count
 F = Vault count percentage of total count
                 A         B        C        D         E       F
            +---------+---------+-------+---------+---------+-------
      Total |      47 |       0 |   0.0 |      25 |       0 |   0.0
            +---------+---------+-------+---------+---------+-------
        D:1 |      47 |       0 |   0.0 |      25 |       0 |   0.0
            +---------+---------+-------+---------+---------+-------

Illustrated notes

Table legend:
 A = Kills in this place as a percentage of kills in entire the game.
 B = Kills by you in this place as a percentage of kills by you in the entire game.
 C = Kills by friends in this place as a percentage of kills by friends in the entire game.
 D = Other kills in this place as a percentage of other kills in the entire game.
 E = Experience gained in this place as a percentage of experience gained in the entire game.
 F = Experience gained in this place divided by the number of levels of this place that you have seen.
                   A       B       C       D       E      F
               +-------+-------+-------+-------+-------+----------------------
         Total | 100.0 | 100.0 |   N/A |   N/A | 100.0 |  47.0
       Dungeon | 100.0 | 100.0 |   N/A |   N/A | 100.0 |  47.0
               +-------+-------+-------+-------+-------+----------------------

Table legend: (Time is in decaauts)
 A = Elapsed time spent in this place.
 B = Non-inter-level travel time spent in this place.
 C = Inter-level travel time spent in this place.
 D = Time resting spent in this place.
 E = Time spent auto-exploring this place.
 F = Levels seen in this place.
 G = Mean time per level.
                   A        B        C        D        E       F      G
               +--------+--------+--------+--------+--------+-----+--------+
         Total |   1218 |   1199 |     19 |    635 |    411 |   1 | 1218.0 |
       Dungeon |   1218 |   1199 |     19 |    635 |    411 |   1 | 1218.0 |
               +--------+--------+--------+--------+--------+-----+--------+

Top non-repeatable levels by time:
     D:1: 1218 daAuts
